 Dungeon Crawl Stone Soup version 0.32-a0-913-g739538afd8 (webtiles) character file.

Game seed: 2780515245336905064

2101996 ragingrage the Shapeless Human (level 26, 203/203 (211) HPs)
             Began as a Human Shapeshifter on Apr 9, 2024.
             Was the Champion of Ru.
             Escaped with the Orb
             ... and 4 runes on Apr 10, 2024!
             The game lasted 01:46:22 (82091 turns).

ragingrage the Shapeless Human (HuSh)              Turns: 82091, Time: 01:46:23

HP:   203/203 (211) AC: 15    Str: 19    XL:     26
MP:   35/35         EV: 42    Int: 11    God:    Ru [******]
Gold: 6614          SH:  5    Dex: 14    Spells: 29/41 levels left

rFire   + +          +
                       - Unarmed
rCold   . . .        k - melded +2 buckler
rNeg    + + .        y - melded +3 leather armour {rC+}
rPois   ∞            f - melded +1 helmet of Fegaut {Str+4}
rElec   +            R - melded +2 cloak {Will+}
rCorr   +            H - melded +2 pair of gloves
SInv    +            a - melded +5 pair of boots "Vixual" {rF+ Regen+ Str+3}
Will    +++..        u - amulet of Nusoupari {Reflect rN++ Will+ Slay+3 SH+5 SInv}
Stlth   +            d - ring of Hiarph {^Drain rF+++ Will+ rCorr Str-2}
HPRegen 0.53/turn    h - +5 ring of evasion
MPRegen 0.24/turn

%: reflection
@: storm-form, flying, studying 4 skills, lightly drained
A: cleaving, insubstantial, flying, screaming 2, hated by all, inability to
train dodging, inability to train armour, inexperienced 1, explore regen,
(talons 1), (large bone plates 1), clumsy 1, (deformed body), deterioration 1,
dopey 1, inability to drink after injury 1
0: Orb of Zot
}: 4/15 runes: decaying, slimy, silver, gossamer
a: Blinkbolt, Begin Untransformation, Renounce Religion, Draw Out Power, Power
Leap, Apocalypse


You escaped.
You worshipped Ru.
Ru was exalted by your worship.
You were a lightning-filled tempest!
You visited 13 branches of the dungeon, and saw 55 of its levels.
You also visited: Ossuary, Bailey, Wizlab and Desolation.

You collected 9085 gold pieces.
You spent 2471 gold pieces at shops.

Inventory:

Missiles
 E - 4 throwing nets
 O - 16 curare-tipped darts
Armour
 a - the +5 pair of boots "Vixual" (melded) {rF+ Regen+ Str+3}
   (You found it on level 4 of the Spider Nest)

   Str+3:     It affects your strength (+3).
   rF+:       It protects you from fire.
   Regen+:    It increases your rate of health regeneration.
 f - the +1 helmet of Fegaut (melded) {Str+4}
   (You acquired it on level 2 of the Vaults)

   Str+4:     It affects your strength (+4).
 k - a +2 buckler (melded)
 w - the scarf "Laxtuis" {rC+ rF+, Dex+5 SInv}
   (You found it on level 4 of the Spider Nest)

   Dex+5:     It affects your dexterity (+5).
   SInv:      It lets you see invisible.
 y - a +3 leather armour of cold resistance (melded)
 H - a +2 pair of gloves (melded)
 R - a +2 cloak of willpower (melded)
Jewellery
 d - the ring of Hiarph (left fist) {^Drain rF+++ Will+ rCorr Str-2}
   (You took it off a servant of whispers in the Desolation of Salt)

   [ring of resist corrosion]

   Str-2:     It affects your strength (-2).
   rF+++:     It renders you almost immune to fire.
   Will+:     It increases your willpower.
   rCorr:     It protects you from acid and corrosion.
   ^Drain:    It drains your maximum health when unequipped.
 h - a +5 ring of evasion (right fist)
 u - the amulet of Nusoupari (around neck) {Reflect rN++ Will+ Slay+3 SH+5 SInv}
   (You found it on level 6 of the Dungeon)

   [amulet of reflection]

   Reflect:   It reflects blocked missile attacks.
   Slay+3:    It affects your accuracy & damage with ranged weapons and melee
   (+3).
   rN++:      It greatly protects you from negative energy.
   Will+:     It increases your willpower.
   SInv:      It lets you see invisible.
   SH+5:      It affects your SH (+5).
 G - a +6 ring of dexterity
Talismans
 D - a granite talisman
 X - a storm talisman (active)
Wands
 c - a wand of mindburst (17)
 p - a wand of digging (16)
 x - a wand of flame (65)
 C - a wand of roots (70)
 S - a wand of light (52)
Scrolls
 j - 30 scrolls of teleportation
 l - 6 scrolls of revelation
 n - 12 scrolls of poison
 o - a scroll of torment
 r - 7 scrolls of fog
 s - 14 scrolls of blinking
 t - 5 scrolls of noise
 B - 2 scrolls of amnesia
 L - 11 scrolls of immolation
 M - 6 scrolls of silence
 N - 6 scrolls of enchant armour
 V - 8 scrolls of fear
 W - 11 scrolls of vulnerability
Potions
 b - 7 potions of mutation
 e - 8 potions of enlightenment
 g - 8 potions of ambrosia
 i - 10 potions of might
 m - 18 potions of curing
 v - 9 potions of brilliance
 z - 6 potions of attraction
 A - 4 potions of cancellation
 F - 3 potions of invisibility
 I - 8 potions of haste
 J - 7 potions of lignification
 K - 10 potions of heal wounds
 Q - 6 potions of magic
 Y - 5 potions of resistance
 Z - 4 potions of berserk rage
Miscellaneous
 q - a tin of tremorstones (2/2)
 P - a lightning rod (4/4)
 T - the horn of Geryon


   Skills:
 + Level 18.1 Fighting
 - Level 7.0 Stealth
 - Level 16.0 Shields
 - Level 20.0 Unarmed Combat
 - Level 8.0 Spellcasting
 - Level 8.0 Necromancy
 - Level 9.0 Translocations
 - Level 6.0 Air Magic
 - Level 4.0 Earth Magic
 - Level 21.7 Evocations
 O Level 27 Shapeshifting


You had 29 spell levels left.
You knew the following spells:

 Your Spells              Type           Power      Damage    Failure   Level
a - Fugue of the Fallen   Necr           22%        N/A       1%          3
b - Passwall              Erth           13%        N/A       9%          3
c - Vhi's Electric Charg  Tloc/Air       40%        N/A       7%          4
d - Blink                 Tloc           48%        N/A       1%          2

Your spell library contained the following spells:

 Spells                   Type           Power      Damage    Failure   Level
 Apportation              Tloc           48%        N/A       1%          1
 Necrotise                Necr           88%        1d8       1%          1
 Lesser Beckoning         Tloc           48%        N/A       1%          2
 Maxwell's Portable Pile  Tloc           24%        2d(7-20)  1%          3
 Teleport Other           Tloc           24%        N/A       1%          3
 Vampiric Draining        Necr           22%        2d7       1%          3
 Kiss of Death            Conj/Necr      52%        2d9       3%          1
 Momentum Strike          Conj/Tloc      28%        3d8       3%          2
 Shock                    Conj/Air       44%        1d5       4%          1
 Swiftness                Air            17%        N/A       4%          3
 Dispel Undead            Necr           22%        3d12      6%          4
 Mercury Vapours          Alch/Air       22%        N/A       7%          2
 Static Discharge         Conj/Air       22%        3-4/arc   7%          2
 Volatile Blastmotes      Fire/Tloc      28%        2d12      8%          3
 Airstrike                Air            8%         2d(2-18)  13%         4
 Foxfire                  Conj/Fire      16%        2x1d4     16%         1
 Freeze                   Ice            16%        1d4       16%         1
 Magic Dart               Conj           16%        1d3       16%         1
 Slow                     Hex            16%        N/A       16%         1
 Sting                    Conj/Alch      16%        1d4       16%         1
 Curse of Agony           Necr           22%        N/A       16%         5
 Mephitic Cloud           Conj/Alch/Air  8%         N/A       21%         3
 Stone Arrow              Conj/Erth      16%        3d8       21%         3
 Ensorcelled Hibernation  Hex/Ice        8%         N/A       24%         2
 Jinxbite                 Hex            8%         N/A       24%         2
 Scorch                   Fire           8%         2d5       24%         2
 Dimensional Bullseye     Hex/Tloc       7%         N/A       24%         4
 Iskenderun's Mystic Bla Conj/Tloc 14%            2d5        (+2d2     24%         4
 Anguish                  Hex/Necr       6%         N/A       30%         4
 Borgnjor's Vile Clutch   Necr/Erth      8%         N/A       36%         5
 Confusing Touch          Hex            4%         N/A       43%         3
 Dazzling Flash           Conj/Hex       8%         N/A       43%         3
 Frozen Ramparts          Ice            8%         1d2       43%         3
 Hailstorm                Conj/Ice       4%         3d5       43%         3
 Inner Flame              Hex/Fire       4%         N/A       43%         3
 Ozocubu's Armour         Ice            4%         N/A       43%         3
 Sigil of Binding         Hex            4%         N/A       43%         3
 Leda's Liquefaction      Alch/Erth      4%         N/A       56%         4
 Petrify                  Alch/Erth      8%         N/A       56%         4
 Arcjolt                  Conj/Air       5%         1d15      77%         5
 Silence                  Hex/Air        5%         N/A       77%         5
 Cause Fear               Hex            2%         N/A       83%         4
 Flame Wave               Conj/Fire      4%         2d5       83%         4
 Fulminant Prism          Conj/Alch      2%         3d5       83%         4
 Ignite Poison            Fire/Alch      4%         N/A       83%         4
 Sticky Flame             Fire/Alch      4%         2d4       83%         4
 Freezing Cloud           Conj/Ice/Air   4%         6-21      88%         5
 Manifold Assault         Tloc           12%        N/A       97%         7
 Alistair's Intoxication  Alch           2%         N/A       99%         5
 Fireball                 Conj/Fire      2%         3d4       99%         5
 Irradiate                Conj/Alch      2%         3d12      99%         5
 Metabolic Englaciation   Hex/Ice        2%         N/A       99%         5
 Yara's Violent Unravell  Hex/Alch       2%         3d3       99%         5
 Conjure Ball Lightning   Conj/Air       5%         3x3d6     100%        6
 Eringya's Noxious Bog    Alch           2%         4d6       100%        6
 Permafrost Eruption      Ice/Erth       4%         2x4d2     100%        6
 Plasma Beam              Fire/Air       5%         2x1d16    100%        6
 Starburst                Conj/Fire      2%         6d3       100%        6
 Enfeeble                 Hex            2%         N/A       100%        7
 Borgnjor's Revivificati  Necr           11%        N/A       100%        8
 Discord                  Hex            2%         N/A       100%        8
 Disjunction              Tloc           12%        N/A       100%        8
 Ignition                 Fire           2%         3d3       100%        8
 Lehudib's Crystal Spear  Conj/Erth      4%         10d3      100%        8
 Maxwell's Capacitive Co  Air            8%         ∞         100%        8
 Death's Door             Necr           11%        N/A       100%        9
 Shatter                  Erth           6%         3d9*      100%        9
 Animate Dead             Necr           Unusable   N/A       N/A         4
 Summon Small Mammal      Summ           Unusable   N/A       N/A         1
 Call Imp                 Summ           Unusable   N/A       N/A         2
 Martyr's Knell           Necr/Summ      Unusable   N/A       N/A         4
 Summon Lightning Spire   Summ/Air       Unusable   N/A       N/A         4
 Call Canine Familiar     Summ           Unusable   N/A       N/A         3
 Summon Ice Beast         Ice/Summ       Unusable   N/A       N/A         3
 Animate Armour           Summ/Erth      Unusable   N/A       N/A         4
 Summon Forest            Summ/Tloc      Unusable   N/A       N/A         5
 Death Channel            Necr           Unusable   N/A       N/A         6
 Sculpt Simulacrum        Ice/Alch       Unusable   N/A       N/A         6
 Haunt                    Necr/Summ      Unusable   N/A       N/A         7
 Dragon's Call            Summ           Unusable   N/A       N/A         9

Dungeon Overview and Level Annotations

Branches:
Dungeon (15/15)            Temple (1/1) D:6            Lair (5/5) D:11
  Swamp (4/4) Lair:2       Spider (4/4) Lair:3        Slime (5/5) Lair:4
    Orc (2/2) D:12            Elf (3/3) Orc:2        Vaults (5/5) D:13
  Crypt (1/3) Vaults:3     Depths (4/4) D:15           Hell (visited)
    Zot (5/5) Depths:4    Ossuary (visited)          Bailey (visited)
 WizLab (visited)         Desolation (visited)
    Dis: Hell:1         Geh: Hell:1         Coc: Hell:1         Tar: Hell:1

Altars:
Ashenzari
Cheibriados
Dithmenos
Elyvilon
Gozag
Kikubaaqudgha
Makhleb
Nemelex Xobeh
Okawaru
Qazlal
Ru
Sif Muna
Trog
Uskayaw
Vehumet
Wu Jian
Xom
Zin
The Shining One
Lugonu

Shops:
D:8 :**!   D:9 ((:=   D:13 *   D:14 [   Orc:2 [*!?   Elf:2 :   Vaults:2 *
Vaults:4 ?   Zot:2 *   Depths:1 *

Portals:
Hell: Depths:1 Depths:2 Depths:3 Depths:4
Abyss: Depths:1 Depths:2 Depths:3 Depths:4
Pandemonium: Depths:1 Depths:2
Ziggurat: Depths:4

Annotations:
D:3 1 runed translucent door, Krumphau's ghost, amateur DsMo
D:7 Jeremiah
D:12 3 runed translucent doors
D:13 3 runed translucent doors, spaghetti's ghost, journeyman OnCK
Spider:2 3 runed translucent doors, Lummiemuuz's ghost, journeyman DsGl
Elf:2 3 runed translucent doors
Vaults:3 3 runed translucent doors, Yhagabbo's ghost, adept DrCj
Depths:3 2 transporters, uglyjohn's ghost, veteran MDMo
Zot:5 1 transporter


Innate Abilities, Weirdness & Mutations

You are a lightning-filled tempest!
Your electrical attacks strike out in all directions at once.
You are incredibly evasive.
Your insubstantial body is immune to petrification, constriction, and being set on fire You are flying.
Your armour is entirely melded.
You are incapable of wielding weapons or throwing items.
You are immune to poison.
You frequently scream uncontrollably at your foes.
You are hated by all.
You cannot train Dodging skill.
You cannot train Armour skill.
You are somewhat inexperienced. (-1 XL)
You regain HP and MP as you explore.
((You have sharp toenails.))
((You are partially covered in large bone plates. (SH +4)))
You are clumsy. (Dex -2)
((Armour fits poorly on your strangely shaped body.))
Your body sometimes deteriorates upon taking damage.
You are dopey. (Int -2)
You occasionally lose the ability to drink potions when taking damage.


Message History

(D) Dungeon (T) Temple (L) Lair (S) Swamp (N) Spider Nest (M) Slime Pits (O) Orcish Mines (E) Elven Halls (V) Vaults (C) Crypt (U) Depths (H) Hell (Z) Zot
Where to? (Tab/Enter - D:1 @ (x,y), ? - help)
There is a stone staircase leading up here.
You fly upwards.
Level annotation: 1 runed translucent door, Krumphau's ghost, amateur DsMo
There is a stone staircase leading down here.
An Orb Guardian comes into view.
The Orb Guardian hits you!!
You blast the Orb Guardian!!!
The Orb Guardian barely misses you.
You batter the Orb Guardian!!
Lightning courses through the Orb Guardian!
You punch the Orb Guardian. You block the Orb Guardian's attack.
You batter the Orb Guardian!!
Lightning courses through the Orb Guardian!
You kill the Orb Guardian!
No target in view!
(D) Dungeon (T) Temple (L) Lair (S) Swamp (N) Spider Nest (M) Slime Pits (O) Orcish Mines (E) Elven Halls (V) Vaults (C) Crypt (U) Depths (H) Hell (Z) Zot
Where to? (Tab/Enter - D:1 @ (x,y), ? - help)
There is a stone staircase leading up here.
You fly upwards.
There is a stone staircase leading down here.
There is a stone staircase leading up here.
You fly upwards.
There is a stone staircase leading down here.
Things that are here:
2 stones; a +0 dagger
There is an open door here.
A Mong, a small abomination, a lich and a hellion come into view.
The lich shouts!
The hellion moves out of view.
The lich mumbles some strange words.
The lich seems to speed up.
There is a staircase leading out of the dungeon here.
You have escaped!

#####
######.v.######
#.............###
########
................###
.......+
.......Lx.......'.#
.###..##
.........&......#.#
.# #.##
#.............###.##
.# #.#
###.........### #..#
.# #.# ###.....###
##.# .# #.#
#.........### #.#


You could see Mong, a lich (fast) and a small abomination.

Vanquished Creatures
  the Royal Jelly (Slime:5)
  3 dread liches
  3 ancient liches
  5 orbs of fire
  A juggernaut (Depths:3)
  the Lernaean hydra (Swamp:4)
  3 curse toes
  11 Killer Klowns
  Geryon (Hell)
  9 golden dragons
  Nikola (Depths:2)
  Norris (Depths:2)
  A bone dragon (Depths:4)
  4 electric golems
  A Cloud Mage (WizLab)
  13 tentacled monstrosities
  Jorgrun (D:12)
  26 Orb Guardians
  4 liches
  2 deep elf blademasters
  Asterion (Depths:2)
  6 titans
  2 deep elf master archers (Elf:3)
  3 sphinxes
  3 quicksilver dragons
  16 acid blobs
  4 death cobs
  10 shadow dragons
  Kirke (D:15)
  13 storm dragons
  8 tengu reavers
  The ghost of Waploud the Warrior, an adept CoFi of Hepliaklqana (Spider:1)
  Roxanne (Swamp:2)
  A thorn hunter (Swamp:1)
  9 azure jellies
  A revenant (Crypt:1)
  13 rockslimes
  Aizul (Swamp:2)
  3 draconian monks
  4 protean progenitors
  9 draconian shifters
  8 draconian knights
  3 emperor scorpions
  9 fire giants
  The ghost of pokeman the Sorcerer, an adept DEHW of Vehumet (Elf:1)
  10 vault wardens
  6 frost giants
  7 draconian scorchers
  A caustic shrike zombie (Hell)
  12 deep elf sorcerers
  2 imperial myrmidons (Desolation)
  A ghoul (Swamp:4)
  The ghost of Biggs the Black Belt, a journeyman OpSh of Wu Jian (Spider:1)
  6 draconian stormcallers
  5 iron dragons
  6 deep elf elementalists (Elf:3)
  6 ghost moths
  2 spectral caustic shrikes (Depths:3)
  20 ironbound preservers
  An orc warlord (Vaults:3)
  2 reapers
  7 formless jellyfish
  5 draconian annihilators
  9 quicksilver oozes
  4 spriggan defenders
  14 very ugly things
  2 cacodemons (Depths:4)
  8 broodmothers
  13 stone giants
  4 vampire knights
  10 green draconians
  The ghost of spaghetti the Necromancer, a journeyman NaCK of Xom (Lair:1)
  Nessos (D:15)
  2 eleionomae
  7 deep elf demonologists
  11 ironbound thunderhulks
  2 lorocyprocas
  14 dire elephants
  10 deep elf death magi
  10 black draconians
  A halazid warlock (Desolation)
  4 bunyips
  8 deep elf annihilators
  2 war gargoyles
  A putrid mouth (Depths:4)
  A spark wasp (Spider:2)
  12 red draconians
  9 white draconians
  Azrael (D:15)
  12 yellow draconians
  A green death (Zot:2)
  9 purple draconians
  10 fire dragons
  An entropy weaver (shapeshifter) (D:15)
  4 entropy weavers
  9 ettins
  24 yaktaur captains
  4 blizzard demons
  6 ragged hierophants (Desolation)
  2 shambling mangroves
  3 deep elf high priests
  5 rakshasas
  35 vault guards
  15 hydras
  A spriggan zombie (Hell)
  10 servants of whispers
  2 jorogumos
  7 alligators
  3 ghost crabs (WizLab)
  4 spriggan air magi
  11 peacekeepers
  10 great orbs of eyes
  4 merfolk avatars (Swamp:1)
  A salamander tyrant (D:10)
  11 ice dragons
  2 ogre magi
  8 boulder beetles
  18 centaur warriors
  2 catoblepae
  10 two-headed ogres
  8 radroaches
  6 ironbound frosthearts
  6 deep troll shamans
  7 deep troll earth magi
  7 tengu warriors
  A vampire mage (Depths:1)
  20 dancing weapons
  5 death yaks (Lair:5)
  The ghost of Cancer the Geomancer, a journeyman GrEE of Vehumet (Lair:1)
  The ghost of zazu2006 the Protected, a novice GnWn of Vehumet (Lair:1)
  7 demonic crawlers
  A shock serpent (shapeshifter) (Elf:1)
  4 spriggan berserkers
  An orc high priest (Elf:2)
  Nergalle (D:10)
  3 soul eaters
  2 shock serpents (WizLab)
  4 sun demons
  6 deep elf knights
  10 iron trolls
  A sixfirhy (Depths:1)
  5 skysharks
  3 hell knights (Hell)
  A shining eye (shapeshifter) (Depths:4)
  9 pharaoh ants
  2 skeletal warriors (D:12)
  A titan skeleton (Crypt:1)
  2 shadow wraiths
  Lodul (D:13)
  9 arcanists
  A death drake (WizLab)
  56 deep trolls
  A bunyip zombie (Hell)
  2 sea snakes (Zot:3)
  7 deep elf archers
  9 orb spiders
  7 glowing orange brains
  A lindwurm (shapeshifter) (Depths:4)
  2 flayed ghosts (Hell)
  A golden dragon skeleton (Hell)
  18 swamp dragons
  5 spriggan druids
  A deep troll (shapeshifter) (Depths:3)
  30 ironbound convokers
  4 goliath frogs
  A sun moth (Spider:1)
  A thermic dynamo (Elf:1)
  30 ugly things
  15 bog bodies
  3 phantasmal warriors
  12 lindwurms
  2 sun moths (shapeshifter)
  9 orc knights
  10 necromancers
  A fenstrider witch simulacrum (Hell)
  2 obsidian bats
  12 steelbarb worms
  23 deep elf zephyrmancers
  3 manticores
  A draconian zombie (Hell)
  21 wolf spiders
  4 shining eyes
  34 deep elf pyromancers
  6 orc sorcerers
  4 cyclopes
  19 moths of wrath
  13 elephants
  6 meliai
  3 will-o-the-wisps
  2 black mambas
  A fire giant skeleton (Vaults:3)
  A centaur zombie (Crypt:1)
  A water nymph (shapeshifter) (Vaults:4)
  2 kobold blastminers (Orc:2)
  4 rust devils
  4 apocalypse crabs (WizLab)
  3 torpor snails
  4 eyes of devastation
  A frost giant skeleton (Vaults:3)
  25 vault sentinels
  A smoke demon (Hell)
  3 molten gargoyles (Desolation)
  6 cane toads
  A gargoyle (D:13)
  3 guardian serpents (Desolation)
  3 orange demons (Hell)
  A cane toad (shapeshifter) (D:8)
  A freezing wraith (D:15)
  2 kobold demonologists
  An efreet (Zot:3)
  An unseen horror (D:11)
  3 tengu conjurers
  A rime drake (Lair:3)
  A tormentor (D:14)
  6 komodo dragons
  A yaktaur skeleton (Vaults:2)
  20 yaktaurs
  A hydra zombie (Hell)
  10 tyrant leeches
  70 saltlings
  7 trolls
  4 polar bears
  21 tarantellas
  A jumping spider (shapeshifter) (Depths:3)
  A bloated husk (Swamp:4)
  2 glass eyes
  2 harpy skeletons
  2 wind drakes (WizLab)
  11 dream sheep
  27 jumping spiders
  8 blink frogs
  A raiju (shapeshifter) (D:14)
  14 hornets
  An alligator simulacrum (Hell)
  2 dream sheep (shapeshifter)
  104 slime creatures
  An ettin zombie (Hell)
  A centaur simulacrum (D:14)
  3 ettin skeletons
  10 spriggans
  2 shadows
  A wyvern (Lair:4)
  8 water elementals
  15 air elementals
  24 culicivoras
  A vampire (D:10)
  2 wraiths (D:10)
  6 basilisks
  38 yaks
  6 humans (D:15)
  A fire bat (D:10)
  A hog (D:15)
  A fire dragon skeleton (Crypt:1)
  A steam dragon (D:7)
  29 fire elementals
  Grum (D:8)
  3 wargs
  37 redbacks
  9 vampire mosquitoes
  20 golden eyes
  2 chaos spawn (Elf:3)
  Menkaure (D:5)
  Edmund (D:5)
  5 acid dragons
  10 swamp worms
  14 water moccasins
  4 hell hounds (D:15)
  7 swamp drakes (Swamp:4)
  38 orc warriors
  4 black bears
  2 sky beasts
  13 ogres
  9 boggarts
  A swamp dragon skeleton (Crypt:1)
  19 centaurs
  21 wolves
  A phantom (D:4)
  8 kobold brigands
  A weeping skull (Ossuary)
  An earth elemental (Elf:1)
  A gnoll sergeant (D:6)
  3 scorpions
  17 bullfrogs
  3 water moccasin zombies (Ossuary)
  17 wights
  15 killer bees
  8 electric eels
  4 howler monkeys
  4 lava snakes (D:12)
  2 bombardier beetles (D:4)
  3 hounds
  6 orc priests
  A gnoll bouda (D:4)
  16 jellies
  Crazy Yiuf (D:5)
  2 sleepcaps
  6 iguanas
  Ijyb (D:4)
  16 orc wizards
  An acid dragon zombie (Crypt:1)
  2 crocodile zombies (Ossuary)
  2 mummies (Ossuary)
  13 adders
  9 gnolls
  4 white imps
  An ufetubus (D:5)
  6 adder zombies (Ossuary)
  2 dart slugs
  3 ribbon worms
  49 orcs
  8 bats
  7 endoplasms
  4 giant cockroaches
  15 goblins
  6 hobgoblins
  3 jackals (D:5)
  4 quokkas
  7 ball pythons
  2 frilled lizards
  9 gnoll zombies (Ossuary)
  4 jackal zombies (Ossuary)
  24 kobolds
  5 orc zombies (Ossuary)
  12 rats
  An aspiring flesh (Zot:4)
  A butterfly (D:9)
2348 creatures vanquished.

Vanquished Creatures (others)
  A tentacled monstrosity (Zot:1)
  A lich (Vaults:4)
  An Orb Guardian (Zot:5)
  A storm dragon (Zot:3)
  A tengu reaver (D:12)
  A shadow dragon (Depths:4)
  A draconian knight (Zot:3)
  Donald (Elf:3)
  A death cob (Zot:2)
  A draconian monk (Zot:4)
  A spectral caustic shrike (Depths:3)
  A draconian scorcher (Zot:3)
  2 stone giants
  A deep elf death mage (Elf:3)
  A formless jellyfish (Slime:5)
  2 deep elf demonologists (Elf:3)
  2 vampire knights
  A dire elephant (Vaults:2)
  A red draconian (Zot:3)
  A spark wasp (WizLab)
  2 crystal guardians (Desolation)
  An ettin (Vaults:5)
  A yaktaur captain (Vaults:4)
  A servant of whispers (Desolation)
  2 vault guards
  A caustic shrike simulacrum (Hell)
  A hydra (Swamp:3)
  A peacekeeper (Desolation)
  A deep troll earth mage (Depths:1)
  A deep elf knight (Elf:2)
  A death drake (WizLab)
  A sea snake (Zot:3)
  3 deep trolls
  A deep elf pyromancer (Elf:1)
  A lindwurm (Vaults:2)
  2 wolf spiders
  3 slime creatures
  An apocalypse crab (WizLab)
  A kobold blastminer (Orc:2)
  3 bloated husks
  A tyrant leech (Swamp:2)
  A troll (D:12)
  A hornet (Swamp:1)
  A jumping spider (Spider:3)
  3 saltlings (Desolation)
  A yak (Lair:2)
  A fire elemental (Zot:3)
  A basilisk (Lair:5)
  A killer bee (D:9)
  5 orcs
  A kobold (Bailey)
  38 foxfires
107 creatures vanquished.

Grand Total: 2455 creatures vanquished

Notes
Turn   | Place    | Note
-------+----------+-------------------------------------------
     0 | D:1      | ragingrage the Human Shapeshifter began the quest for the
                  | Orb.
     0 | D:1      | Reached XP level 1. HP: 15/15 MP: 1/1
   115 | D:1      | Reached skill level 1 in Stealth
   135 | D:1      | Reached XP level 2. HP: 21/21 MP: 2/2
   574 | D:1      | Reached XP level 3. HP: 26/26 MP: 3/3
  1165 | D:2      | Reached XP level 4. HP: 26/32 MP: 4/4
  1987 | D:3      | Reached skill level 5 in Unarmed Combat
  2042 | D:3      | Noticed Krumphau's ghost (amateur DsMo)
  2386 | D:3      | Found a runed translucent door.
  2398 | D:3      | Reached XP level 5. HP: 34/37 MP: 5/5
  2705 | D:3      | Found a snail-covered altar of Cheibriados.
  2848 | D:4      | Found a radiant altar of Vehumet.
  3351 | D:5      | Entered Level 5 of the Dungeon
  3481 | D:4      | Noticed Ijyb
  3495 | D:4      | Killed Ijyb
  3633 | D:4      | Reached XP level 6. HP: 43/43 MP: 6/6
  4114 | D:4      | Reached skill level 4 in Shapeshifting
  4298 | D:5      | Reached XP level 7. HP: 46/48 MP: 7/7
  4935 | D:5      | Found a runed translucent door.
  4936 | D:5      | Noticed Crazy Yiuf
  5021 | D:5      | Reached skill level 5 in Shapeshifting
  5522 | D:5      | Reached XP level 8. HP: 33/54 MP: 8/8
  5657 | D:5      | Noticed Edmund
  5704 | D:6      | Reached skill level 6 in Shapeshifting
  5730 | D:6      | Found a sand-covered staircase.
  5738 | Ossuary  | Entered an ossuary
  5990 | Ossuary  | Reached skill level 7 in Shapeshifting
  6333 | D:6      | Reached XP level 9. HP: 47/64 MP: 9/9
  6389 | D:6      | Found a glowing drain.
  6447 | D:6      | Identified the amulet of Nusoupari {Reflect rN++ Will+
                  | Slay+3 SH+5 SInv}
  6537 | D:6      | Found a staircase to the Ecumenical Temple.
  6567 | Temple   | Entered the Ecumenical Temple
  6571 | Temple   | Became a worshipper of Ru the Awakened
  7006 | D:7      | Noticed Jeremiah
  7820 | D:7      | Found a shadowy altar of Dithmenos.
  7948 | D:7      | Found a sparkling altar of Nemelex Xobeh.
  8013 | D:7      | Reached skill level 5 in Fighting
  8413 | D:7      | Reached skill level 5 in Dodging
  8850 | D:7      | Reached XP level 10. HP: 63/74 MP: 10/10
  8854 | D:7      | Gained mutation: You are hated by all. [Ru sacrifice]
  8854 | D:7      | Reached * piety under Ru
  9017 | D:8      | Noticed Grum
  9034 | D:7      | Reached skill level 8 in Shapeshifting
  9205 | D:8      | Killed Grum
  9356 | D:7      | Reached skill level 9 in Shapeshifting
  9914 | D:8      | a wind drake changed into a cane toad
  9914 | D:8      | Noticed a cane toad (shapeshifter)
 10002 | D:8      | Killed a cane toad
 10336 | D:8      | Found Abeuk's Distillery.
 10352 | D:8      | Bought 2 potions of haste for 260 gold pieces
 10352 | D:8      | Bought a potion of curing for 39 gold pieces
 10352 | D:8      | Bought a potion of curing for 39 gold pieces
 10366 | D:8      | Bought a potion of lignification for 39 gold pieces
 10366 | D:8      | Bought a potion of lignification for 39 gold pieces
 10376 | D:8      | Found Laucwoh's General Store.
 10405 | D:8      | Found Vekam's Assorted Antiques.
 10419 | D:8      | Bought a fuming emerald potion for 30 gold pieces
 10576 | D:8      | Found Xiafimir's Book Shoppe.
 10838 | D:9      | Found a white marble altar of Elyvilon.
 10865 | D:9      | Found Jezyr's Antique Weapon Shop.
 10933 | D:9      | Found Pirpham's Book Shop.
 10971 | D:9      | Found Iclijyaf's Weapon Shoppe.
 10980 | D:9      | Noticed a deep elf pyromancer
 10988 | D:9      | Killed a deep elf pyromancer
 10989 | D:9      | Reached skill level 10 in Shapeshifting
 10994 | D:9      | Found a flagged portal.
 11016 | Bailey   | Entered a bailey
 11214 | Bailey   | Reached skill level 11 in Shapeshifting
 11268 | Bailey   | Found a bloodstained altar of Trog.
 11758 | D:9      | Reached XP level 11. HP: 75/79 MP: 11/11
 11852 | D:9      | Found Plog's Jewellery Shoppe.
 11871 | D:9      | Found an opulent altar of Gozag.
 12205 | D:10     | Entered Level 10 of the Dungeon
 12246 | D:10     | Gained mutation: You occasionally shout uncontrollably at
                  | your foes. [Ru sacrifice]
 12246 | D:10     | Reached ** piety under Ru
 12368 | D:10     | Found a shimmering altar of Xom.
 12681 | D:10     | Noticed a salamander tyrant
 12906 | D:11     | Reached skill level 12 in Shapeshifting
 13592 | D:11     | Noticed a two-headed ogre
 13600 | D:11     | Killed a two-headed ogre
 14407 | D:11     | Noticed a boulder beetle
 14422 | D:11     | Killed a boulder beetle
 14423 | D:11     | Reached skill level 13 in Shapeshifting
 14479 | D:11     | Found a staircase to the Lair.
 14508 | D:11     | Noticed a boulder beetle
 14523 | D:11     | Killed a boulder beetle
 15417 | D:12     | Noticed a cyclops
 15426 | D:12     | Noticed Jorgrun
 15699 | Lair:1   | Entered Level 1 of the Lair of Beasts
 16261 | Lair:1   | Reached skill level 14 in Shapeshifting
 16341 | Lair:1   | Reached XP level 12. HP: 59/86 MP: 12/12
 16747 | Lair:1   | Noticed a catoblepas
 16779 | Lair:1   | Killed a catoblepas
 16942 | Lair:1   | Found a runed translucent gate.
 16943 | Lair:1   | Found a runed translucent gate.
 16944 | Lair:1   | Found a runed translucent gate.
 16948 | Lair:1   | Gained mutation: You cannot train Armour skill. [Ru
                  | sacrifice]
 16948 | Lair:1   | Reached *** piety under Ru
 17115 | Lair:1   | Noticed zazu2006's ghost (novice GnWn)
 17115 | Lair:1   | Noticed Cancer's ghost (journeyman GrEE)
 17116 | Lair:1   | Noticed spaghetti's ghost (journeyman NaCK)
 17347 | Lair:2   | Noticed a five-headed hydra
 17357 | Lair:2   | Killed a five-headed hydra
 17448 | Lair:2   | Reached skill level 15 in Shapeshifting
 17631 | Lair:2   | Noticed Sonja
 17635 | Lair:2   | Sonja changed into Sonja the hornet
 17635 | Lair:2   | Noticed Sonja
 17640 | Lair:2   | Killed Sonja the hornet
 17800 | Lair:2   | Noticed a fire dragon
 18002 | Lair:2   | Killed a fire dragon
 18273 | Lair:2   | Found a staircase to the Swamp.
 19237 | Lair:3   | Reached skill level 16 in Shapeshifting
 19600 | Lair:3   | Reached XP level 13. HP: 93/93 MP: 13/13
 19653 | Lair:3   | Reached skill level 10 in Unarmed Combat
 20047 | Lair:3   | Found a hole to the Spider Nest.
 20167 | Lair:3   | Gained mutation: You cannot train Dodging skill. [Ru
                  | sacrifice]
 20167 | Lair:3   | Reached **** piety under Ru
 20167 | Lair:3   | Reached ***** piety under Ru
 20850 | Lair:4   | Found a staircase to the Slime Pits.
 21628 | Lair:5   | Entered Level 5 of the Lair of Beasts
 22077 | Lair:5   | Gained mutation: You are somewhat inexperienced. (-1 XL)
                  | [Ru sacrifice]
 22077 | Lair:5   | Reached XP level 12. HP: 142/142 MP: 12/12
 22077 | Lair:5   | Reached ****** piety under Ru
 22521 | Lair:5   | Reached skill level 10 in Fighting
 22522 | Lair:5   | Reached XP level 13. HP: 103/103 MP: 13/13
 23509 | D:12     | Killed Jorgrun
 23626 | D:12     | Found a staircase to the Orcish Mines.
 24200 | D:12     | Found a runed translucent gate.
 24200 | D:12     | Found a runed translucent gate.
 24200 | D:12     | Found a runed translucent gate.
 24214 | D:12     | Noticed a fire giant
 24214 | D:12     | Noticed a storm dragon
 24217 | D:12     | Identified the staff of Disgust {rCorr Conj}
 24222 | D:12     | Noticed a tengu reaver
 24333 | D:12     | Reached skill level 1 in Evocations
 24395 | D:12     | Found a runed translucent gate.
 24395 | D:12     | Found a runed translucent gate.
 24395 | D:12     | Found a runed translucent gate.
 24407 | D:12     | Killed a fire giant
 24412 | D:12     | Killed a storm dragon
 24795 | D:12     | Killed a tengu reaver
 25146 | Orc:1    | Entered Level 1 of the Orcish Mines
 25434 | Orc:2    | Entered Level 2 of the Orcish Mines
 26315 | Orc:2    | Found a staircase to the Elven Halls.
 26694 | Orc:2    | Reached XP level 14. HP: 113/113 MP: 14/14
 26727 | Orc:2    | Found Wiximp's General Store.
 26727 | Orc:2    | Found Ivuwn's Distillery.
 26729 | Orc:2    | Found Wibaam's Magic Scroll Boutique.
 26731 | Orc:2    | Found Kakuarr's Armour Shoppe.
 26735 | Orc:2    | Bought a scroll of revelation for 97 gold pieces
 26736 | Orc:2    | Bought a potion of resistance for 180 gold pieces
 26736 | Orc:2    | Bought 2 potions of berserk rage for 180 gold pieces
 26736 | Orc:2    | Bought a potion of attraction for 54 gold pieces
 26736 | Orc:2    | Bought a potion of degeneration for 18 gold pieces
 26739 | Orc:2    | Bought a scroll of vulnerability for 40 gold pieces
 27206 | D:13     | Noticed Lodul
 27404 | D:13     | Reached skill level 5 in Evocations
 27405 | D:13     | Killed Lodul
 27441 | D:13     | Found a runed translucent gate.
 27442 | D:13     | Found a runed translucent gate.
 27442 | D:13     | Found a runed translucent gate.
 27442 | D:13     | Noticed spaghetti's ghost (journeyman OnCK)
 27535 | D:13     | Found Heoso's Elemental Accessories.
 27836 | D:13     | Reached skill level 15 in Unarmed Combat
 27952 | D:13     | Found a gate to the Vaults.
 29060 | D:14     | Found Anatoxit's Armour Emporium.
 29755 | D:10     | Noticed Nergalle
 29764 | D:10     | Killed Nergalle
 30304 | D:5      | Killed Edmund
 30547 | D:5      | Noticed Menkaure
 30551 | D:5      | Killed Menkaure
 30764 | D:5      | Killed Crazy Yiuf
 31295 | Swamp:1  | Entered Level 1 of the Swamp
 31343 | Swamp:1  | Noticed a thorn hunter
 31351 | Swamp:1  | Killed a thorn hunter
 31352 | Swamp:1  | Reached skill level 1 in Shields
 31927 | Lair:1   | Killed zazu2006's ghost
 31930 | Lair:1   | Killed spaghetti's ghost
 31932 | Lair:1   | Killed Cancer's ghost
 31971 | Lair:1   | Identified the amulet "Vigapiro" {Acrobat rElec rPois}
 31979 | Lair:1   | Identified the ring of Xufen {Wiz rElec Str-5 Int+3 SInv}
 32289 | Swamp:1  | Identified the +5 great sword of Inquiry {elec, Dex+2}
 32415 | Swamp:2  | Identified the granite talisman of the Louse {rC- MP+9
                  | Int+4}
 32415 | Swamp:2  | Noticed Roxanne
 32518 | Swamp:2  | Reached XP level 15. HP: 109/114 MP: 15/15
 32649 | Swamp:2  | Identified the serpent talisman of the Sixty-Six Tables
                  | {rElec rF+++ MP+9 Stlth+}
 32649 | Swamp:2  | Noticed Aizul
 32663 | Swamp:2  | Killed Aizul
 33333 | Swamp:2  | Killed Roxanne
 33489 | Swamp:3  | Reached skill level 5 in Shields
 33803 | Swamp:3  | Learned a level 3 spell: Fugue of the Fallen
 33807 | Swamp:3  | Learned a level 3 spell: Passwall
 34344 | Swamp:4  | Entered Level 4 of the Swamp
 35538 | Swamp:4  | Noticed the 27-headed Lernaean hydra
 35543 | Swamp:4  | Killed the 27-headed Lernaean hydra
 35544 | Swamp:4  | Reached skill level 15 in Fighting
 35544 | Swamp:4  | Reached XP level 16. HP: 124/124 MP: 11/16
 35590 | Swamp:4  | Got a decaying rune of Zot
 36068 | Spider:1 | Entered Level 1 of the Spider Nest
 36829 | Spider:1 | Identified a scroll of acquirement
 36831 | Spider:1 | Acquired a manual of Evocations
 36897 | Spider:1 | Found a runed translucent gate.
 36899 | Spider:1 | Found a runed translucent gate.
 36899 | Spider:1 | Noticed Waploud's ghost (adept CoFi)
 36899 | Spider:1 | Noticed Biggs's ghost (journeyman OpSh)
 36900 | Spider:1 | Found a runed translucent gate.
 37237 | Spider:1 | Identified the orb of Hennupid {guile, ^Contam Str+7 Dex-3
                  | Summ}
 37439 | Spider:1 | Killed Biggs's ghost
 37441 | Spider:1 | Killed Waploud's ghost
 37442 | Spider:1 | Reached skill level 10 in Evocations
 37446 | Spider:1 | Identified the +1 helmet of Midwinter {rPois Int+3}
 37529 | Spider:2 | Reached skill level 5 in Stealth
 38154 | Spider:2 | Identified the +6 falchion "Donaedgh" {vamp, rF+ rN+ rCorr}
 38603 | Spider:2 | Found a runed translucent gate.
 38604 | Spider:2 | Found a runed translucent gate.
 38604 | Spider:2 | Found a runed translucent gate.
 38605 | Spider:2 | Noticed Lummiemuuz's ghost (journeyman DsGl)
 39258 | Spider:4 | Entered Level 4 of the Spider Nest
 39500 | Spider:2 | Reached XP level 17. HP: 78/119 MP: 17/17
 41323 | Spider:4 | Reached skill level 15 in Evocations
 41690 | Spider:4 | Reached skill level 1 in Necromancy
 41936 | Spider:4 | Identified the +5 pair of boots "Vixual" {rF+ Regen+ Str+3}
 41958 | Spider:4 | Identified the scarf "Laxtuis" {rC+ rF+, Dex+5 SInv}
 41965 | Spider:4 | Got a gossamer rune of Zot
 42268 | Elf:1    | Entered Level 1 of the Elven Halls
 42811 | Elf:1    | Found a shimmering blue altar of Sif Muna.
 42813 | Elf:1    | Found a transporter.
 42823 | Elf:1    | Identified the +2 trident "Welett" {elec, rF+++ rCorr Dex-5
                  | SInv}
 42825 | Elf:1    | Paralysed by an air elemental for 1 turns
 43039 | Elf:1    | Found a runed translucent door.
 43041 | Elf:1    | Noticed pokeman's ghost (adept DEHW)
 43120 | Elf:2    | Reached skill level 5 in Necromancy
 43133 | Elf:2    | Noticed an Ice Fiend
 43216 | Elf:1    | Killed pokeman's ghost
 43335 | Elf:1    | Reached XP level 18. HP: 138/138 MP: 9/18
 43344 | Elf:1    | Noticed a Hell Sentinel
 43428 | Elf:1    | Got the Volume of the Effulgent Bonfire
 43452 | Elf:1    | Found a transporter.
 43650 | Elf:2    | Found Fokuos's Book Emporium.
 44005 | Elf:2    | Paralysed by an air elemental for 1 turns
 44149 | Elf:2    | Found a runed translucent gate.
 44150 | Elf:2    | Found a runed translucent gate.
 44150 | Elf:2    | Found a runed translucent gate.
 44394 | Elf:3    | Entered Level 3 of the Elven Halls
 44477 | Elf:3    | Paralysed by an air elemental for 1 turns
 44484 | Elf:3    | Paralysed by an air elemental for 1 turns
 44488 | Elf:3    | Paralysed by an air elemental for 1 turns
 44495 | Elf:3    | Paralysed by an air elemental for 1 turns
 45124 | Elf:3    | Noticed Donald
 45137 | Elf:3    | Killed Donald
 45245 | Elf:3    | Identified the amulet of Qeol {Reflect -Tele Rampage SH+5
                  | SInv Stlth+}
 45502 | Elf:3    | Identified the ring of Xikkoem {rF+ rCorr Dex+6}
 45524 | Elf:3    | Identified the amulet "Plog" {rElec RegenMP+ Dex+3}
 45705 | Elf:3    | Identified the ring of the Narrow Lychee {rPois Int+2
                  | Dex+6}
 45709 | Elf:3    | Noticed an Ice Fiend
 45712 | Elf:3    | Identified the +3 triple crossbow of Uskayaw's Envy {speed,
                  | Will++}
 45712 | Elf:3    | Identified the ring "Goero" {Fly rPois Str-2 Dex+2 Slay+2}
 46003 | Elf:3    | Noticed a Tzitzimitl
 46014 | Elf:3    | Identified the ring of Yliheg {rElec rCorr Str+2}
 46136 | Elf:3    | Identified the +1 shortbow of Goibedusk {drain, rF+ rC+
                  | Str-5 Stlth+}
 46139 | Elf:3    | Got Qafroqo's Vademecum on the Distorted Crater
 46228 | Elf:3    | Identified the +0 pair of boots of the Game Afoot {Regen+
                  | Int+3}
 46252 | Elf:3    | Identified the +0 whip "Xidoacot" {venom, Will+ rCorr Int+3
                  | Dex+3}
 46259 | Elf:3    | Learned a level 4 spell: Vhi's Electric Charge
 46663 | Vaults:1 | Entered Level 1 of the Vaults
 46702 | Vaults:1 | Reached XP level 19. HP: 148/148 MP: 19/19
 46807 | Vaults:1 | Found a crumbling gateway.
 46835 | Desolati | Entered the Desolation of Salt
 47202 | Desolati | Identified the ring of Hiarph {^Drain rF+++ Will+ rCorr
                  | Str-2}
 47293 | Desolati | Identified the amulet of Xusaodd {Harm rC+ Regen+ Str+4
                  | Slay-5}
 47295 | Desolati | Identified the +4 scale mail of Qazlal's Wrath {Dex+2 SInv}
 47303 | Desolati | Identified the ring "Hura" {rElec AC+4}
 47682 | Desolati | Identified the +0 scale mail of Gopsi {Will+}
 47687 | Desolati | Got the Opusculum on Calcination
 47689 | Desolati | Identified the ring "Torutt" {*Corrode rN+ Int+5}
 49591 | Vaults:2 | Reached XP level 20. HP: 145/145 MP: 11/20
 49723 | Vaults:2 | Reached skill level 10 in Shields
 50973 | Vaults:2 | Found Ugys's General Store.
 50981 | Vaults:2 | Bought a scroll of acquirement for 1092 gold pieces
 50981 | Vaults:2 | Acquired the +1 helmet of Fegaut {Str+4}
 51222 | Vaults:3 | Found a staircase to the Crypt.
 51223 | Vaults:3 | Found an ancient bone altar of Kikubaaqudgha.
 52649 | Vaults:3 | Found a runed translucent gate.
 52649 | Vaults:3 | Found a runed translucent gate.
 52649 | Vaults:3 | Found a runed translucent gate.
 52649 | Vaults:3 | Noticed Yhagabbo's ghost (adept DrCj)
 52649 | Vaults:3 | Identified the +1 ring mail of the Lair of Beasts {rPois
                  | Dex+2}
 52889 | Vaults:3 | Found an iron altar of Okawaru.
 53418 | Vaults:4 | Reached XP level 21. HP: 172/172 MP: 21/21
 53558 | Vaults:4 | Noticed a golden dragon
 53566 | Vaults:4 | Killed a golden dragon
 53618 | Vaults:4 | Identified the staff "Ugich" {rElec rC++ Air}
 53845 | Vaults:4 | Found Jimmegod's Magic Scroll Emporium.
 53892 | Vaults:4 | Bought a scroll of teleportation for 36 gold pieces
 53892 | Vaults:4 | Bought a scroll of teleportation for 36 gold pieces
 53892 | Vaults:4 | Bought a scroll of silence for 114 gold pieces
 53892 | Vaults:4 | Bought a scroll of blinking for 90 gold pieces
 54621 | Vaults:4 | Identified the +3 plate armour of Hedonism {rF+ Str+4}
 55622 | Crypt:1  | Entered Level 1 of the Crypt
 55809 | Vaults:5 | Entered Level 5 of the Vaults
 55988 | Vaults:4 | Learned a level 2 spell: Blink
 55995 | Vaults:4 | Reached skill level 1 in Translocations
 56308 | Vaults:5 | Noticed a golden dragon
 56311 | Vaults:4 | Reached skill level 5 in Translocations
 56624 | Vaults:5 | Reached XP level 22. HP: 162/162 MP: 13/22
 56848 | D:15     | Entered Level 15 of the Dungeon
 56848 | D:15     | Noticed Kirke
 56853 | D:15     | Killed Kirke
 56936 | D:15     | Reached skill level 1 in Air Magic
 57045 | D:15     | Noticed Nessos
 57053 | D:15     | Killed Nessos
 57196 | D:15     | Noticed Azrael
 57205 | D:15     | Killed Azrael
 57468 | D:15     | Found a staircase to the Depths.
 57514 | Depths:1 | Entered Level 1 of the Depths
 57583 | Depths:1 | Found Kexoged's General Store.
 57587 | Depths:1 | Bought a potion of invisibility for 88 gold pieces
 57592 | Depths:1 | Found a magical portal.
 57605 | WizLab   | Entered The Chambers of the Cloud Mage
 57796 | WizLab   | Paralysed by an air elemental for 1 turns
 57954 | WizLab   | Reached skill level 5 in Air Magic
 58117 | WizLab   | Got the Folio of Weather
 58122 | WizLab   | Got the Discursus on Forces and Peregrination
 58291 | Depths:1 | Reached skill level 1 in Spellcasting
 58330 | Depths:1 | Found a gateway to Hell.
 58350 | Depths:1 | Reached skill level 1 in Earth Magic
 58782 | Depths:1 | Found a one-way gate leading to the halls of Pandemonium.
 58842 | Depths:1 | Found a transporter.
 58860 | Depths:1 | Found a transporter.
 58871 | Depths:1 | Found a one-way gate to the infinite horrors of the Abyss.
 58880 | Depths:1 | Found a transporter.
 58901 | Depths:1 | Found a transporter.
 59061 | Depths:2 | Found a corrupted altar of Lugonu.
 59067 | Depths:2 | Noticed Asterion
 59077 | Depths:2 | Killed Asterion
 59082 | Depths:2 | Reached skill level 5 in Spellcasting
 59185 | Depths:2 | Identified the +0 pair of gloves of Articulation {rF+
                  | Slay+2}
 59185 | Depths:2 | Noticed Nikola
 59192 | Depths:2 | Killed Nikola
 59587 | Depths:2 | Noticed Norris
 59610 | Depths:2 | Killed Norris
 59786 | Depths:2 | Found an ornate altar of the Wu Jian Council.
 60543 | Depths:3 | Noticed a golden dragon
 60696 | Depths:3 | Noticed a caustic shrike
 60697 | Depths:3 | Noticed uglyjohn's ghost (veteran MDMo)
 60702 | Depths:3 | Found a transporter.
 60741 | Depths:3 | Reached XP level 23. HP: 190/190 MP: 35/35
 60897 | Depths:3 | Noticed a juggernaut
 60900 | Depths:3 | Reached skill level 15 in Shields
 60907 | Depths:3 | Killed a juggernaut
 61410 | Depths:3 | Found a transporter.
 61680 | Depths:4 | Entered Level 4 of the Depths
 61954 | Depths:4 | Found a one-way gateway to a ziggurat.
 63007 | Depths:4 | Reached skill level 17 in Shapeshifting
 63439 | Depths:4 | Found a gate to the Realm of Zot.
 63853 | Vaults:5 | Noticed an ancient lich
 63975 | Vaults:4 | Killed an ancient lich
 64291 | Vaults:5 | Identified the amulet "Loacaoto" {Spirit rPois rN+++ Will-}
 64462 | Vaults:5 | Identified the ring "Beschoru" {rElec rPois Dex+4}
 64474 | Vaults:4 | Reached skill level 18 in Shapeshifting
 64542 | Vaults:5 | Noticed a dread lich
 64612 | Vaults:4 | Killed a dread lich
 64800 | Vaults:5 | Reached XP level 24. HP: 189/194 MP: 35/35
 64867 | Vaults:5 | Identified the +6 halberd "Buunlaept" {flame, Str+3}
 65184 | Vaults:5 | Identified the +7 morningstar of Trauma {venom, Str+3}
 65203 | Vaults:5 | Identified the orb of Lewkag {mayhem, Fly}
 65414 | Vaults:5 | Identified the +1 ring mail of Ummifur {Str+3}
 65423 | Vaults:5 | Got a silver rune of Zot
 65608 | Vaults:5 | Identified the +2 helmet of the Snail {Fly rN+ Int+2 Dex+4}
 65822 | Vaults:5 | Reached skill level 19 in Shapeshifting
 66279 | Vaults:5 | Identified the +1 robe of the Telling Gods {Int+5 Slay-2
                  | Stlth+}
 67314 | Slime:1  | Entered Level 1 of the Pits of Slime
 68637 | Slime:4  | Reached skill level 20 in Shapeshifting
 68771 | Slime:4  | Gained mutation: You are weak. (Str -2) [a shining eye]
 68773 | Slime:4  | Gained mutation: You are clumsy. (Dex -2) [a shining eye]
 69195 | Slime:5  | Entered Level 5 of the Pits of Slime
 69363 | Slime:5  | Gained mutation: Your magical capacity is low. (-10% MP) [a
                  | shining eye]
 69366 | Slime:5  | Gained mutation: You are vulnerable to heat. (rF-) [a
                  | shining eye]
 69691 | Slime:5  | Noticed the Royal Jelly
 69705 | Slime:5  | Killed the Royal Jelly
 69784 | Slime:5  | Gained mutation: You are frail. (-10% HP) [a shining eye]
 69785 | Slime:5  | Gained mutation: You are very frail. (-20% HP) [a shining
                  | eye]
 69852 | Slime:4  | Lost mutation: You are weak. (Str -2) [potion of mutation]
 69852 | Slime:4  | Lost mutation: Your magical capacity is low. (-10% MP)
                  | [potion of mutation]
 69852 | Slime:4  | Lost mutation: You are clumsy. (Dex -2) [potion of
                  | mutation]
 69852 | Slime:4  | Gained mutation: You have a pair of small horns on your
                  | head. [potion of mutation]
 69852 | Slime:4  | Gained mutation: Your spells are a little easier to cast,
                  | but a little less powerful. [potion of mutation]
 69852 | Slime:4  | Lost mutation: You are very frail. (-20% HP) [potion of
                  | mutation]
 69853 | Slime:4  | Lost mutation: Your spells are a little easier to cast, but
                  | a little less powerful. [potion of mutation]
 69853 | Slime:4  | Lost mutation: You have a pair of small horns on your head.
                  | [potion of mutation]
 69853 | Slime:4  | Lost mutation: You are vulnerable to heat. (rF-) [potion of
                  | mutation]
 69853 | Slime:4  | Gained mutation: You expend magic power (3 MP) to
                  | strengthen your wands. [potion of mutation]
 69853 | Slime:4  | Gained mutation: You have sharp toenails. [potion of
                  | mutation]
 69854 | Slime:4  | Lost mutation: You are frail. (-10% HP) [potion of
                  | mutation]
 69854 | Slime:4  | Lost mutation: You expend magic power (3 MP) to strengthen
                  | your wands. [potion of mutation]
 69854 | Slime:4  | Lost mutation: You have sharp toenails. [potion of
                  | mutation]
 69854 | Slime:4  | Gained mutation: Your system is resistant to poisons.
                  | (rPois) [potion of mutation]
 69854 | Slime:4  | Gained mutation: Your body sometimes deteriorates upon
                  | taking damage. [potion of mutation]
 69854 | Slime:4  | Gained mutation: Your flesh is cold resistant. (rC+)
                  | [potion of mutation]
 69972 | Slime:5  | Identified the +11 morningstar of the Known World {freeze,
                  | rF+ rN++ Will- SInv}
 69989 | Slime:5  | Found the +11 Singing Sword {sonic wave}
 70000 | Slime:5  | Identified the +6 falchion "Conservator" {antimagic, rPois}
 70002 | Slime:5  | Got a slimy rune of Zot
 70003 | Slime:5  | Identified the amulet of Midwinter {rN+ Will+ RegenMP+}
 70024 | Slime:5  | Identified the +7 eveningstar "Ympub" {heavy, +Blink rPois
                  | Int-3 Dex+6}
 70119 | Slime:5  | Identified the +6 war axe of Teaching Dismemberment {vamp,
                  | rElec rF+ Str-5 Int+3}
 70393 | Slime:5  | Reached skill level 21 in Shapeshifting
 71067 | Zot:1    | Entered Level 1 of the Realm of Zot
 72303 | Zot:2    | Reached XP level 25. HP: 204/204 MP: 34/35
 72579 | Zot:2    | Reached skill level 22 in Shapeshifting
 72774 | Zot:2    | Found Xoemease's Changing Room.
 73787 | Zot:3    | Reached skill level 23 in Shapeshifting
 74111 | Zot:3    | Noticed an orb of fire
 74116 | Zot:3    | Gained mutation: You are clumsy. (Dex -2) [an orb of fire]
 74125 | Zot:3    | Killed an orb of fire
 74846 | Zot:4    | Noticed an orb of fire
 74847 | Zot:4    | Gained mutation: You frequently scream uncontrollably at
                  | your foes. [an orb of fire]
 74857 | Zot:4    | Gained mutation: You are frail. (-10% HP) [an orb of fire]
 74859 | Zot:4    | Killed an orb of fire
 75121 | Zot:4    | Identified the +4 war axe of Evisceration {antimagic,
                  | Dex+5}
 75182 | Zot:4    | Reached skill level 24 in Shapeshifting
 75626 | Zot:5    | Entered Level 5 of the Realm of Zot
 75636 | Zot:5    | Identified the +0 plate armour "Javiyw" {Fly rElec Slay-4
                  | SInv}
 75786 | Zot:5    | Found a transporter.
 76481 | Zot:5    | Reached XP level 26. HP: 154/189 MP: 32/35
 76647 | Zot:5    | Noticed an orb of fire
 76653 | Zot:5    | Noticed an ancient lich
 76666 | Zot:5    | Killed an orb of fire
 76674 | Zot:4    | Reached skill level 25 in Shapeshifting
 76675 | Zot:4    | Killed an ancient lich
 77238 | Zot:5    | Noticed an orb of fire
 78797 | Zot:5    | Found a transporter.
 79851 | Zot:5    | Noticed an orb of fire
 79853 | Zot:5    | Gained mutation: You are dopey. (Int -2) [an orb of fire]
 79855 | Zot:5    | Gained mutation: You are occasionally teleported next to
                  | monsters. [an orb of fire]
 79859 | Zot:5    | Gained mutation: You are vulnerable to heat. (rF-) [an orb
                  | of fire]
 79862 | Zot:5    | Noticed a dread lich
 79865 | Zot:5    | Killed an orb of fire
 79871 | Zot:5    | Killed an orb of fire
 79879 | Zot:5    | Killed a dread lich
 79888 | Zot:5    | Noticed a dread lich
 79893 | Zot:5    | Killed a dread lich
 79902 | Zot:5    | Reached skill level 26 in Shapeshifting
 79920 | Zot:5    | Lost mutation: You are vulnerable to heat. (rF-) [potion of
                  | mutation]
 79920 | Zot:5    | Lost mutation: Your flesh is cold resistant. (rC+) [potion
                  | of mutation]
 79920 | Zot:5    | Lost mutation: You are occasionally teleported next to
                  | monsters. [potion of mutation]
 79920 | Zot:5    | Gained mutation: You have sharp toenails. [potion of
                  | mutation]
 79920 | Zot:5    | Gained mutation: You are partially covered in large bone
                  | plates. (SH +4) [potion of mutation]
 79921 | Zot:5    | Lost mutation: You are frail. (-10% HP) [potion of
                  | mutation]
 79921 | Zot:5    | Lost mutation: You frequently scream uncontrollably at your
                  | foes. [potion of mutation]
 79921 | Zot:5    | Lost mutation: Your system is resistant to poisons. (rPois)
                  | [potion of mutation]
 79921 | Zot:5    | Gained mutation: You frequently scream uncontrollably at
                  | your foes. [potion of mutation]
 79921 | Zot:5    | Gained mutation: Armour fits poorly on your strangely
                  | shaped body. [potion of mutation]
 80511 | Zot:5    | Noticed an ancient lich
 80520 | Zot:5    | Killed an ancient lich
 80900 | Hell     | Entered the Vestibule of Hell
 80900 | Hell     | Noticed Geryon
 80910 | Hell     | Killed Geryon
 80956 | Depths:4 | Gained mutation: You occasionally lose the ability to drink
                  | potions when taking damage. [a cacodemon]
 81307 | Hell     | Reached skill level 27 in Shapeshifting
 81550 | Zot:5    | Got the Orb of Zot
 81585 | Zot:4    | Noticed an ancient lich
 81910 | D:9      | Noticed Vydos the pandemonium lord
 82088 | D:1      | Noticed Mong the pandemonium lord
 82091 | D:$      | Escaped with the Orb!

Illustrated notes

Levels and vault maps discovered:
D:1:      nzn_arrival_depleted_hourglass, layout_basic,
          chequers_serial_rivers_micro_d, grunt_decor_arrowhead,
          hangedman_decor_clover_reticule
D:2:      layout_loops_ring, lexackson_kobold_supper
D:3:      layout_loops_corners, cheibriados_altar_1,
          hellmonk_ghost_happy_afterlife
D:4:      layout_gridville, mainiacjoe_overflow_paths, minmay_misc_feat_square,
          uniq_ijyb
D:5:      layout_gridville, minmay_increasing_density, uniq_edmund,
          uniq_menkaure, uniq_crazy_yiuf_cottage
D:6:      layout_basic, minmay_temple_entry_ruins, portal_sewer_entry_a,
          nicolae_ossuary_entry_plus
D:7:      layout_loops_corners, nemelex_dance_club_becter,
          mainiacjoe_overflow_catwalk, nrook_pool_corridor,
          serial_bayou_crossing, uniq_jeremiah
D:8:      layout_gridville, serial_shops, shop, nicolae_lakefront_shop, shop,
          shop, uniq_grum
D:9:      layout_basic, nicolae_elyvilon_peaceful_grove, grunt_gozag_statues,
          enter_bailey_5, serial_shops, nicolae_take_the_stairs, shop, shop,
          shop
D:10:     minmay_firetagon, layout_rooms, regret_index_xom_buried_treasure,
          minmay_holes, minmay_fractal_squares_5, uniq_nergalle
D:11:     layout_irregular_city, lair_entry_dummy, serial_co_window_serial,
          co_window_paths_b, co_window_paths_a, co_window_paths_a,
          co_window_cross_1, co_window_cross_1, co_window_2corner,
          co_window_corner_cb, co_window_unsneaky_path_a, co_window_2corner,
          co_window_of_opportunity_b, co_window_paths_c, co_window_4corner_a,
          glass_columns_b
D:12:     kennysheep_treasure_stockpile, layout_irregular_city, orc_0_dummy,
          gauntlet_entry_generic, nicolae_lava_and_water, uniq_jorgrun
D:13:     layout_layer_cave, david_vaults_1, gammafunk_ghost_split,
          nicolae_elemental_shop, ebering_dispersal_statue_hall,
          serial_library_regret_index_branch_corner, minivault_16, uniq_lodul
D:14:     layout_loops_ring, minivault_19, serial_shops,
          nicolae_shop_tiny_waterfront
D:15:     gammafunk_enter_depths_forms, layout_rooms, minivault_24, uniq_nessos,
          uniq_kirke, uniq_azrael
Temple:   hellmonk_temple_two_chambers
Lair:1:   layout_chaotic_city, gammafunk_ghost_cemetery,
          infiniplex_staircase_pool, serial_bayou_shore_a
Lair:2:   dragon1_lemuel, layout_chaotic_city,
          nicolae_swamp_entry_splash_gauntlet, uniq_sonja
Lair:3:   layout_chaotic_city, dummy_spider_entry, beast_lair_carwin_2,
          grunt_megastairs_2
Lair:4:   layout_gridlike, minmay_slime_entry_jelly_boxes,
          portal_ice_cave_entry_pillars_1, infiniplex_staircase_pool_2,
          serial_bayou_shore_b, serial_bayou_shore_b
Lair:5:   grunt_lair_end_beastmaster, layout_cave_pods,
          grunt_forest_large_clearing_hut
Swamp:1:  layout_falls_marsh, nicolae_swamp_little_swirl, swamp_pool_1_2,
          grunt_lady_of_the_lake
Swamp:2:  layout_basic_swamp, serial_swamp_ruin, evilmike_swamp_ruin_house_4,
          evilmike_swamp_ruin_house_5, nicolae_swamp_decorative_isthmus,
          nicolae_swamp_tree_isthmus, uniq_roxanne, uniq_aizul
Swamp:3:  layout_basic_swamp, evilmike_swamp_ruin_house_1
Swamp:4:  grunt_swamp_rune_castle, layout_basic_swamp
Spider:1: layout_spider_delve, gammafunk_ghost_cemetery
Spider:2: nicolae_spider_broodchamber, ebering_ghost_rock_garden,
          nicolae_spider_checkerboard
Spider:3: layout_spider_delve, hangedman_spider_tarantella_strand
Spider:4: grunt_spider_rune_parallel, hellmonk_test_site
Slime:1:  layout_caves
Slime:2:  layout_caves
Slime:3:  layout_caves
Slime:4:  layout_caves
Slime:5:  slime_pit_nicolae_amoeboid
Orc:1:    layout_caves, basic_altar
Orc:2:    st_orc_rangers, layout_caves, nicolae_orc_minecarts
Elf:1:    gammafunk_sealed_library, layout_loops_cross, gammafunk_ghost_grave
Elf:2:    nicolae_elf_blades_crystal_corner, layout_loops_corners, serial_shops,
          nicolae_shop_advertising_works [nicolae_subvault_shop_adworks],
          grunt_ministairs_1
Elf:3:    grunt_elf_hall_diamonds, layout_geoelf_castle, minivault_27,
          nicolae_elf_free_trip_to_the_abyss, uniq_donald
Vaults:1: portal_desolation_entry_nicolae_nacl, nicolae_vaults_house_1,
          vaults_mumra_minichess_inversion, nicolae_vaults_yaktaur_gun_rack,
          vaults_room_octagon, nicolae_vaults_triangles, v_pattern_5,
          nicolae_vaults_surprise_closet_hard, layout_vaults_omnigrid
Vaults:2: nicolae_vaults_sealed_display, nicolae_vaults_little_squares_6,
          vaults_room_door_hall, ontoclasm_vaults_misaligned, v_misc_9,
          v_pattern_4, nicolae_vaults_closet_pinwheel_5, v_misc_12,
          vaults_room_pools, nicolae_vaults_storage_room_glass,
          nicolae_vaults_little_squares_1, layout_vaults_ring, serial_shops,
          shop
Vaults:3: gammafunk_ghost_fury_of_okawaru, hangedman_vaults_stream,
          nicolae_vaults_network_quincunx
          [nicolae_vaults_network_quincunx_subvault,
          nicolae_vaults_network_quincunx_subvault,
          nicolae_vaults_network_quincunx_subvault,
          nicolae_vaults_network_quincunx_subvault,
          nicolae_vaults_network_quincunx_subvault], v_misc_30,
          ontoclasm_vaults_chip, v_alt_pattern_2,
          nicolae_vaults_door_testing_chamber, nicolae_vaults_specimen_jars,
          nicolae_vaults_house_1, nicolae_vaults_variable_pillar_hall,
          nicolae_vaults_two_Ls, minmay_crypt_entry_necro_gods,
          layout_vaults_chaotic_city
Vaults:4: vaults_room_large_hall, st_greater_box_3, vaults_dpeg_doors,
          v_misc_22, nicolae_vaults_little_squares_5, hangedman_vaults_nails,
          nicolae_vaults_tetromino_T_2, vaults_dpeg_encased_lava,
          ontoclasm_vaults_twist, nicolae_vaults_ellipses_ellipsis,
          vaults_mumra_hexcomb, nicolae_vaults_weapon_check,
          nicolae_vaults_closet_pinwheel_2, nicolae_vaults_ninety_degrees,
          layout_vaults_omnibox, serial_shops, nicolae_shop_tiny_glass
Vaults:5
Crypt:1:  layout_basic, basic_altar, uniq_margery
Depths:1: layout_cave_pools, infiniplex_enter_wizlab_glasses, hell_entry,
          abyss_entry, rand_demon_pan_entry_4, serial_shops,
          nicolae_shop_tiny_real_fake_doors, minmay_misc_feat_alley,
          minmay_misc_feat_columns, nicolae_transporter_intersection
Depths:2: hellmonk_crumbling_castle, layout_gridlike, abyss_entry_flame_altar,
          hangedman_glass_teeth, pan_entry, hell_entry,
          nicolae_wu_jian_immortal_techniques, uniq_norris, uniq_asterion,
          uniq_nikola
Depths:3: hangedman_cross_cluster, layout_basic, pf_hell_entry_tar_river,
          hangedman_decor_riveting, gammafunk_ghost_berserking_beasts,
          abyss_entry
Depths:4: grunt_zot_entry_hairpin, layout_honeycomb, enter_ziggurat_a,
          hell_entry, hangedman_abyss_entry_splay
Hell
Zot:1:    layout_basic
Zot:2:    layout_gridville, nicolae_transmutations_shop
Zot:3:    lemuel_firehouse, layout_concentric_octagons, grunt_ministairs_11,
          hangedman_elemental_corridor
Zot:4:    layout_onion_interference, grunt_megastairs_1
Zot:5:    layout_misc_corridors, nicolae_diode_basic

Skill      XL: |  1  2  3  4  5  6  7  8  9 10 11 12 13 14 15 16 17 18 19 20 21 22 23 24 25 26 |
---------------+-------------------------------------------------------------------------------+-----
Stealth        | 1 2 7 |  7.0
Unarmed Combat | 4 5 6 7 8 9 12 14 15 16 17 18 19 20 | 20.0
Shapeshifting  | 4 5 7 11 14 16 18 21 24 27 | 27.0
Fighting       | 3 5 10 11 12 15 16 17 18 | 18.1
Dodging        | 5 6 0 |  0.0
Evocations     | 4 7 9 12 16 18 21 | 21.7
Shields        | 3 7 9 11 13 14 16 | 16.0
Necromancy     | 5 8 |  8.0
Translocations | 6 8 9 |  9.0
Air Magic      | 6 |  6.0
Spellcasting   | 8 |  8.0
Earth Magic    | 4 |  4.0

Action                     |  1- 3 |  4- 6 |  7- 9 | 10-12 | 13-15 | 16-18 | 19-21 | 22-24 | 25-27 || total
---------------------------+-------+-------+-------+-------+-------+-------+-------+-------+-------++-------
  Melee: Unarmed           |   119 |   180 |   457 |   726 |   962 |   910 |  1153 |  1443 |   763 ||  6713
         Punch             |     2 |     8 |     9 |    10 |    42 |       |       |       |    56 ||   127
         Bite              |       |       |       |    15 |    20 |       |       |       |       ||    35
         Tailslap          |       |       |       |    12 |    39 |       |       |       |       ||    51
  Throw: Dart              |       |     6 |     3 |       |       |     2 |     2 |       |       ||    13
   Cast: Fugue of the Fall |       |       |       |       |       |       |    15 |    14 |    10 ||    39
         Vhi's Electric Ch |       |       |       |       |       |       |       |    36 |    30 ||    66
         Blink             |       |       |       |       |       |       |       |       |     5 ||     5
         Passwall          |       |       |       |       |       |       |       |       |     2 ||     2
 Invoke: Sacrifice Love    |       |       |       |     1 |       |       |       |       |       ||     1
         Sacrifice Purity  |       |       |       |     1 |       |       |       |       |       ||     1
         Sacrifice Durabil |       |       |       |     1 |       |       |       |       |       ||     1
         Sacrifice Experie |       |       |       |     1 |       |       |       |       |       ||     1
         Apocalypse        |       |       |       |       |    10 |    15 |    10 |     8 |     3 ||    46
         Sacrifice Nimblen |       |       |       |       |     1 |       |       |       |       ||     1
Ability: Breathe Fire      |       |       |       |     3 |     1 |       |       |       |       ||     4
         Blinkbolt         |       |       |       |       |       |       |       |       |     4 ||     4
  Evoke: Wand              |       |       |     1 |    11 |     7 |     9 |    10 |     1 |     4 ||    43
         Lightning rod     |       |       |       |     7 |     6 |     6 |       |     4 |       ||    23
         Tin of tremorston |       |       |       |       |       |       |       |     1 |       ||     1
    Use: Scroll            |       |     3 |     8 |     6 |     9 |     6 |     4 |     4 |     5 ||    45
         Potion            |       |     1 |     2 |     1 |     2 |     4 |       |     5 |    10 ||    25
   Stab: Sleeping          |     4 |     2 |     3 |       |     2 |     6 |     4 |    10 |       ||    31
         Distracted        |       |       |       |     1 |     7 |    13 |    14 |    17 |     4 ||    56
         Invisible         |       |       |       |     2 |     9 |     8 |     9 |    11 |     7 ||    46
         Paralysed         |       |       |       |       |    16 |    20 |    15 |    21 |     4 ||    76
 Armour: Animal skin       |    55 |     9 |       |       |       |       |       |       |       ||    64
         Chain mail        |       |    74 |       |       |       |       |       |       |       ||    74
         Skin              |       |    13 |   104 |   374 |  1168 |  1033 |  1111 |  1264 |   477 ||  5544
         Leather armour    |       |    29 |   104 |       |       |       |       |       |       ||   133
  Dodge: Dodged            |    66 |    66 |   218 |   535 |   453 |   457 |   662 |   674 |   567 ||  3698
  Block: Other             |       |       |    28 |   159 |   144 |       |       |       |    41 ||   372
         Reflection        |       |       |       |     3 |    38 |    24 |    40 |    22 |     5 ||   132
         Buckler           |       |       |       |       |   267 |   620 |   811 |   986 |   214 ||  2898
   Form: Flux              |       |       |     1 |       |       |       |       |       |       ||     1
         Dragon            |       |       |       |     1 |     4 |       |       |       |       ||     5
         Statue            |       |       |       |       |     6 |     3 |       |     1 |     2 ||    12
         Serpent           |       |       |       |       |     1 |       |       |       |       ||     1
                           |       |       |       |       |       |     4 |       |       |       ||     4
         Storm             |       |       |       |       |       |       |       |     1 |     3 ||     4

Table legend: (Time is in decaauts)
 A = Elapsed time spent in this place.
 B = Non-inter-level travel time spent in this place.
 C = Inter-level travel time spent in this place.
 D = Time resting spent in this place.
 E = Time spent auto-exploring this place.
 F = Levels seen in this place.
 G = Mean time per level.
                   A        B        C        D        E       F      G
               +--------+--------+--------+--------+--------+-----+--------+
         Total | 105993 |  95670 |  10323 |  24180 |  53136 |  59 | 1796.5 |
       Dungeon |  25570 |  22566 |   3004 |   5922 |  12784 |  15 | 1704.7 |
        Temple |      8 |      1 |      7 |      0 |      0 |   1 |    8.0 |
          Lair |   8419 |   7109 |   1310 |   1429 |   4429 |   5 | 1683.8 |
         Swamp |   7094 |   6665 |    429 |   2505 |   2906 |   4 | 1773.5 |
   Spider Nest |   8465 |   8012 |    453 |   2290 |   4034 |   4 | 2116.2 |
    Slime Pits |   4902 |   4648 |    254 |    756 |   2809 |   5 |  980.4 |
  Orcish Mines |   3028 |   2707 |    321 |    983 |   1251 |   2 | 1514.0 |
   Elven Halls |   6403 |   5871 |    532 |    920 |   3594 |   3 | 2134.3 |
        Vaults |  17590 |  15707 |   1883 |   3480 |   9613 |   5 | 3518.0 |
         Crypt |    154 |     90 |     64 |      0 |     57 |   1 |  154.0 |
        Depths |   9256 |   8003 |   1253 |   1416 |   5131 |   4 | 2314.0 |
          Hell |     56 |     56 |      0 |      0 |      0 |   1 |   56.0 |
           Zot |  11786 |  10979 |    807 |   3887 |   5402 |   5 | 2357.2 |
       Ossuary |    455 |    455 |      0 |    140 |    148 |   1 |  455.0 |
        Bailey |    319 |    319 |      0 |     78 |     59 |   1 |  319.0 |
        Wizlab |    906 |    906 |      0 |    174 |    288 |   1 |  906.0 |
    Desolation |   1575 |   1575 |      0 |    198 |    627 |   1 | 1575.0 |
               +--------+--------+--------+--------+--------+-----+--------+

Top non-repeatable levels by time:
Vaults:4: 5341 daAuts
   Zot:5: 4854 daAuts
Depths:4: 3639 daAuts
Vaults:5: 3551 daAuts
Vaults:3: 3242 daAuts
Vaults:2: 3211 daAuts
    D:11: 3066 daAuts
   Elf:3: 2918 daAuts
    D:12: 2867 daAuts
  Lair:2: 2781 daAuts
    D:13: 2621 daAuts
     D:7: 2480 daAuts
Spider:2: 2470 daAuts
   Zot:3: 2457 daAuts
Depths:2: 2446 daAuts
